[Event "Romanian-ch Open 2022"]
[Site "Eforie Nord"]
[Date "2022.02.22"]
[Round "4.8"]
[White "Stepanencu, Nicodim-Cosmin"]
[Black "Manolache, Marius"]
[Result "0-1"]
[ECO "B43"]
[WhiteElo "2334"]
[BlackElo "2485"]
[Annotator "ChessBase"]
[PlyCount "138"]
[EventDate "2022.02.20"]
[EventType "swiss"]
[EventCountry "ROU"]
[SourceTitle "playchess.com"]
[Source "ChessBase"]
[SourceQuality "1"]
[TimeControl "40/5400+30:900+30"]

1. e4 c5 2. Nf3 e6 3. d4 cxd4 4. Nxd4 a6 5. Nc3 Qc7 6. Qd3 Nf6 7. Qg3 Qxg3 8. hxg3 Bc5 9. Nb3 Ba7 10. f3 Nc6 11. Bf4 d5 12. exd5 Nb4 13. O-O-O Nfxd5 14. Nxd5 Nxd5 15. Be5 Ne3 16. Rd3 f6 17. Bd4 Bxd4 18. Nxd4 Nxf1 19. Rxf1 e5 20. Nb3 Bf5 21. Rd6 Rc8 22. Rf2 Rc7 23. Na5 h5 24. b3 h4 25. g4 Ke7 26. Rb6 Bc8 27. g5 Rd8 28. gxf6+ gxf6 29. f4 e4 30. Re2 Rd4 31. Kb2 Bg4 32. Re3 f5 33. Nc4 Kf8 34. c3 Rd1 35. Rh6 Rg1 36. Rxh4 Rxg2+ 37. Ka3 b5 38. Ne5 a5 39. Rh8+ Kg7 40. Ra8 Rxc3 41. Ra7+ Kh6 42. Ra6+ Kh5 43. Ra7 b4+ 44. Ka4 Kh6 45. Re1 Rxa2+ 46. Kb5 Rd2 47. Rh1+ Rh3 48. Rc1 Rc3 49. Rh1+ Bh3 50. Ra6+ Kh5 51. Rf6 Kh4 52. Rh6+ Kg3 53. R1xh3+ Kxf4 54. Ng6+ Kg4 55. R3h4+ Kg5 56. R4h5+ Kg4 57. Rh4+ Kf3 58. Rh3+ Ke2 59. Rh1 Kd3 60. Ne5+ Kc2 61. Nc4 e3 62. Rc6 f4 63. Ra1 Kxb3 64. Nxd2+ exd2 65. Rd6 Rc1 66. Rxd2 Rxa1 67. Rf2 Re1 68. Kxa5 Re5+ 69. Kb6 Rf5 0-1

[Event "Romanian-ch Open 2022"]
[Site "Eforie Nord"]
[Date "2022.02.22"]
[Round "4.11"]
[White "Martian, Dragos-Daniel"]
[Black "Badea, Bela"]
[Result "1/2-1/2"]
[ECO "C41"]
[WhiteElo "2270"]
[BlackElo "2413"]
[Annotator "NA"]
[PlyCount "135"]
[EventDate "2022.02.20"]
[EventType "swiss"]
[EventCountry "ROU"]
[SourceTitle "playchess.com"]
[Source "ChessBase"]
[SourceQuality "1"]
[TimeControl "40/5400+30:900+30"]

1. e4 d6 2. d4 Nf6 3. Nc3 e5 4. Nf3 Nbd7 5. Bc4 Be7 6. a4 O-O 7. O-O c6 8. h3 b6 9. Qe2 a6 10. Rd1 Qc7 11. Be3 Bb7 12. Ba2 b5 13. axb5 axb5 14. b4 Nb6 (14... d5 $11) 15. Bb3 Na4 16. Bd2 Nxc3 17. Bxc3 c5 {[%emt 0:00:42] [#]} (17... d5 $11) 18. dxc5 $1 Nxe4 19. Bb2 dxc5 20. Bxe5 Qb6 21. Rd7 Rae8 22. Qe3 Bf6 $16 (22... Bc6 $14 23. Rda7 Bb7) 23. bxc5 Qc6 24. Rc7 Qxc7 25. Bxc7 Bxa1 26. Qf4 Nxc5 27. Bd6 Nxb3 28. cxb3 Bxf3 29. Qxf3 Re1+ 30. Kh2 Be5+ 31. Bxe5 Rxe5 32. Qb7 Rd8 33. Qc7 Red5 34. Qb6 g6 35. Qa5 h5 36. Qb6 R8d6 37. Qa7 Kg7 38. Qa1+ Kh7 39. Qa7 Rd7 40. Qb8 Rf5 41. h4 Rd3 42. f3 Rxb3 43. Qb7 Rb2 44. Kh3 Rb3 45. Kh2 Rb4 46. Kg3 Kg7 47. Qa7 Rc4 48. Qa1+ Kh7 49. Qa7 b4 50. Qb7 Kg7 51. Qb8 Rd4 52. Kh3 Rc5 53. Qb6 Rcc4 54. g3 Rd3 55. Qb5 Rcc3 56. Qxb4 Rxf3 57. Qd4+ Kh7 58. Kh2 Rxg3 59. Qd5 Rgf3 60. Kg2 Rf5 61. Qd4 Rcf3 62. Qd8 R3f4 63. Kg3 Rg4+ 64. Kh3 Rff4 65. Kh2 Rxh4+ 66. Kg3 Rhg4+ 67. Kh3 Rf3+ 68. Kh2 1/2-1/2

[Event "Romanian-ch Open 2022"]
[Site "Eforie Nord"]
[Date "2022.02.22"]
[Round "4.12"]
[White "Voiteanu, Gabriel"]
[Black "Filip, Lucian-Ioan"]
[Result "0-1"]
[ECO "A70"]
[WhiteElo "2207"]
[BlackElo "2391"]
[Annotator "NA"]
[PlyCount "104"]
[EventDate "2022.02.20"]
[EventType "swiss"]
[EventCountry "ROU"]
[SourceTitle "playchess.com"]
[Source "ChessBase"]
[SourceQuality "1"]
[TimeControl "40/5400+30:900+30"]

1. d4 Nf6 2. c4 e6 3. Nf3 c5 4. d5 d6 5. Nc3 exd5 6. cxd5 g6 7. h3 Bg7 8. e4 O-O 9. Bd3 b5 10. Bxb5 Nxe4 11. Nxe4 Qa5+ 12. Nfd2 Qxb5 13. Nxd6 Qa6 14. N2c4 Nd7 15. O-O Ne5 16. Nxc8 Raxc8 17. Nxe5 Bxe5 18. Re1 Rfe8 19. Re3 $11 Qd6 20. Rd3 c4 21. Rd2 Rc5 22. Rb1 Rd8 23. Qc2 a6 24. Kf1 h5 25. Qe4 Rxd5 26. Rxd5 Qxd5 27. Qxd5 Rxd5 28. Ke2 Ra5 29. a3 Rb5 30. Kd1 a5 31. Kc2 a4 32. Bd2 Rb3 33. Bc1 Kg7 34. Ra1 g5 35. Ra2 g4 36. hxg4 hxg4 37. Bd2 Kg6 38. Bc3 Bxc3 39. bxc3 Kf5 40. Ra1 Kf4 41. Rd1 Rxa3 42. Rd4+ Kg5 43. Rxc4 Ra2+ 44. Kd3 Rxf2 45. Rxa4 Rxg2 46. c4 Rg3+ 47. Kd2 Rg2+ 48. Kd3 Rg1 49. Kd2 g3 50. Ra8 Kf4 51. c5 g2 52. Rg8 Ra1 0-1

[Event "Romanian-ch Open 2022"]
[Site "Eforie Nord"]
[Date "2022.02.22"]
[Round "4.18"]
[White "Vajda, Albert"]
[Black "Andronescu, Madalin"]
[Result "1-0"]
[ECO "B50"]
[WhiteElo "2351"]
[BlackElo "2122"]
[Annotator "NA"]
[PlyCount "85"]
[EventDate "2022.02.20"]
[EventType "swiss"]
[EventCountry "ROU"]
[SourceTitle "playchess.com"]
[Source "ChessBase"]
[SourceQuality "1"]
[TimeControl "40/5400+30:900+30"]

1. e4 c5 2. Nf3 d6 3. c3 Nf6 4. Bd3 e5 5. Bc2 Be7 6. O-O O-O 7. d3 Nc6 8. Nbd2 d5 9. Ba4 Bg4 10. Re1 Qc7 11. h3 Bh5 12. Nf1 Rad8 13. Qe2 c4 14. Bc2 cxd3 15. Bxd3 dxe4 16. Bxe4 Nxe4 17. Qxe4 Bg6 18. Qa4 h6 19. Be3 a6 20. N1h2 e4 21. Nd4 Ne5 22. Bf4 {[%emt 0:04:17] [#]} Nf3+ $1 23. Nhxf3 Qxf4 24. g3 {[%emt 0:01:21] [#]} Qd6 $11 (24... Qb8 $1 $17 25. Nd2 f5) 25. Nd2 Qd5 26. Qb3 Bf6 27. Qxd5 Rxd5 28. N4b3 Re8 29. Re2 Bd8 30. Rae1 f5 31. Nc4 f4 32. gxf4 Bc7 33. Ncd2 Bxf4 34. Nxe4 Rde5 35. f3 Bf5 36. Kg2 R8e6 37. Rh1 g5 38. Nd4 Rb6 39. Nxf5 Rxf5 40. Rd1 Rf7 41. Nc5 Kg7 42. b4 Rc6 43. Ne6+ 1-0

[Event "Romanian-ch Open 2022"]
[Site "Eforie Nord"]
[Date "2022.02.22"]
[Round "4.19"]
[White "Cnejev, Vladimir-Alexandru"]
[Black "Serban, Cristian-Stefan"]
[Result "0-1"]
[ECO "B51"]
[WhiteElo "2179"]
[BlackElo "2090"]
[Annotator "NA"]
[PlyCount "133"]
[EventDate "2022.02.20"]
[EventType "swiss"]
[EventCountry "ROU"]
[SourceTitle "playchess.com"]
[Source "ChessBase"]
[SourceQuality "1"]
[TimeControl "40/5400+30:900+30"]

1. e4 c5 2. Nf3 d6 3. Bb5+ Nd7 4. O-O a6 5. Bd3 Ngf6 6. Re1 e6 {[%emt 0:00:30] The main line 6...e6 scores better than 6...b5.} 7. c3 b5 8. a4 c4 9. Bc2 Bb7 10. axb5 axb5 11. Rxa8 Qxa8 12. Na3 Bxe4 13. Bxe4 Nxe4 14. Nxb5 Qb7 15. Qe2 d5 {[%emt 0:00:30] [#]} 16. d3 $146 ({Predecessor:} 16. Nbd4 Ndc5 17. Ne5 Bd6 18. Ndf3 Qb6 19. Qe3 Qa6 20. b4 cxb3 21. d3 Nf6 22. Qd4 {0-1 (52) Madaminov,M (2328)-Vidit,S (2727) Chess.com INT 2021}) 16... cxd3 17. Qxd3 Bc5 18. Nfd4 e5 19. f3 exd4 20. cxd4 $11 O-O 21. fxe4 dxe4 22. Rxe4 Rc8 23. Be3 Nf6 24. Re5 Bb4 25. h3 g6 26. Nc3 Qa8 27. Bg5 Qa1+ 28. Nd1 Nd7 29. Re2 Bd6 30. Rf2 Nf8 31. Qf3 Rc7 32. Be3 Ne6 33. Rf1 Qa2 34. d5 Nf8 35. Bd4 f5 36. Bc3 Nd7 37. Re1 Nb6 38. Ne3 Re7 39. Bd4 Nxd5 40. Kh1 Bf4 41. Nc2 Rxe1+ 42. Nxe1 Qc4 43. Qd3 Qc1 44. Qe2 Kf7 45. Kg1 Bg3 46. Bf2 Nf4 47. Qc2 Bxf2+ 48. Kxf2 Qxc2+ 49. Nxc2 Nd3+ 50. Kf3 Nxb2 51. g4 Kf6 52. gxf5 gxf5 53. Ne3 Ke5 54. Ng2 Nd3 55. Ke3 Nc5 56. Nf4 Ne6 57. Nd3+ Kf6 58. Kf3 Kg5 59. Ne5 Kh4 60. Nf7 Ng5+ 61. Nxg5 Kxg5 62. Ke3 Kf6 63. Kd4 f4 64. Ke4 Kg5 65. Kd3 Kh4 66. Ke2 Kg3 67. Kf1 0-1

[Event "Romanian-ch Open 2022"]
[Site "Eforie Nord"]
[Date "2022.02.22"]
[Round "4.21"]
[White "Mazilu, Stefan-Fabian"]
[Black "Vilcu, Matei-Stefan"]
[Result "1/2-1/2"]
[ECO "B52"]
[WhiteElo "1886"]
[BlackElo "2112"]
[Annotator "NA"]
[PlyCount "118"]
[EventDate "2022.02.20"]
[EventType "swiss"]
[EventCountry "ROU"]
[SourceTitle "playchess.com"]
[Source "ChessBase"]
[SourceQuality "1"]
[TimeControl "40/5400+30:900+30"]

1. e4 c5 2. Nf3 d6 3. Bb5+ Bd7 4. Bxd7+ Nxd7 5. O-O Ngf6 6. Qe2 e6 7. d4 cxd4 8. Nxd4 Be7 9. c4 a6 10. b3 O-O 11. Bb2 Qa5 12. Nc3 Rfe8 13. Rad1 Rac8 14. Nc2 h6 15. Kh1 Nb8 16. f4 Nc6 17. g4 Nh7 18. Qf2 b5 19. cxb5 axb5 20. a3 Bf6 21. b4 Qa8 22. Qf3 Red8 23. Rd3 Ne7 24. Nd4 Bxd4 25. Rxd4 Qc6 26. h4 f5 27. exf5 exf5 28. g5 hxg5 29. hxg5 Nf8 30. Qxc6 Rxc6 31. Nxb5 Rc2 32. Ba1 d5 33. Rd3 Kf7 34. Bd4 Ne6 35. Be5 Rh8+ 36. Kg1 Rch2 37. a4 R8h4 38. Rdf3 Ra2 39. a5 Rg4+ 40. Kh1 Rh4+ 41. Kg1 Rg4+ 42. Kh1 Nc6 43. Nd6+ Kg6 44. Bc3 Ncd4 45. Bxd4 Nxd4 46. R3f2 Ne2 47. Rxe2 Rxe2 48. a6 Rh4+ 49. Kg1 Ra2 50. b5 Rhh2 51. Rb1 Rag2+ 52. Kf1 Rf2+ 53. Kg1 Rhg2+ 54. Kh1 Rh2+ 55. Kg1 Rfg2+ 56. Kf1 Ra2 57. Kg1 Rhg2+ 58. Kh1 Rh2+ 59. Kg1 Rhg2+ 1/2-1/2

[Event "Romanian-ch Open 2022"]
[Site "Eforie Nord"]
[Date "2022.02.22"]
[Round "4.22"]
[White "Popescu, Daniel-Vasilica"]
[Black "Capragiu, Matei-Stefan"]
[Result "1-0"]
[ECO "C02"]
[WhiteElo "2064"]
[BlackElo "1902"]
[Annotator "NA"]
[PlyCount "125"]
[EventDate "2022.02.20"]
[EventType "swiss"]
[EventCountry "ROU"]
[SourceTitle "playchess.com"]
[Source "ChessBase"]
[SourceQuality "1"]
[TimeControl "40/5400+30:900+30"]

1. e4 e6 2. d4 d5 3. e5 c5 4. c3 Nc6 5. Nf3 Bd7 6. a3 Nge7 7. b4 cxd4 8. cxd4 Nf5 9. Bb2 b5 10. Bxb5 Nxe5 11. Bxd7+ Nxd7 12. O-O Bd6 13. Nc3 Nb6 14. Nb5 O-O 15. Qd3 Nc4 16. Bc1 a5 17. bxa5 Qxa5 18. Nxd6 Nfxd6 19. Ng5 f5 20. Qh3 h6 21. Nxe6 Rf6 22. Nf4 g5 23. Ne2 Re8 24. Nc3 Ne4 25. Nxe4 Rxe4 26. Qb3 Rb6 27. Qd3 f4 28. Rb1 Kg7 29. Rxb6 Qxb6 30. Bd2 Nxd2 31. Qxd2 Qxd4 32. Qa5 Re7 33. Qd8 Qe4 34. h3 Qe6 35. Rd1 Rd7 36. Qa5 d4 37. Qb4 Qd6 38. Qb2 Kg6 39. Rd3 Qc5 40. Qe2 Re7 41. Qd2 Rd7 42. Qd1 Qa5 43. h4 Re7 44. h5+ Kf6 45. Kh2 Re1 46. Qf3 Qe5 47. Rb3 Re4 48. g4 Qe6 49. Rb5 Re5 50. Rb7 Qd5 51. Qd3 Qe4 52. Rb6+ Ke7 53. Qa6 Re6 54. Rb7+ Kf6 55. Qa8 Re8 56. Rb6+ Kf7 57. Qa6 Re6 58. Rb7+ Kf6 59. Qa7 Qe2 60. Qxd4+ Qe5 61. Qd8+ Re7 62. Qh8+ Ke6 63. Rxe7+ 1-0

[Event "Romanian-ch Open 2022"]
[Site "Eforie Nord"]
[Date "2022.02.22"]
[Round "4.23"]
[White "Ignat, Matei-Marius"]
[Black "Craciun, Sasha-Matei"]
[Result "1/2-1/2"]
[ECO "C97"]
[WhiteElo "2053"]
[BlackElo "1871"]
[Annotator "NA"]
[PlyCount "113"]
[EventDate "2022.02.20"]
[EventType "swiss"]
[EventCountry "ROU"]
[SourceTitle "playchess.com"]
[Source "ChessBase"]
[SourceQuality "1"]
[TimeControl "40/5400+30:900+30"]

1. e4 e5 2. Nf3 Nc6 3. Bb5 a6 4. Ba4 Nf6 5. O-O Be7 6. Re1 b5 7. Bb3 d6 8. c3 O-O 9. h3 Na5 10. Bc2 c5 11. d4 Qc7 12. d5 Nd7 13. b3 Nb6 14. Nbd2 c4 15. Nf1 cxb3 16. axb3 Nb7 17. Be3 Bd7 18. Qe2 f5 19. Bxb6 Qxb6 20. exf5 Bxf5 21. Bxf5 Rxf5 22. b4 Qc7 23. Ra3 Bd8 24. Rea1 Qb6 25. N3d2 Rf7 26. Nb3 Bg5 27. R1a2 Nd8 28. g3 Rc7 29. h4 Bf6 30. Nbd2 Qb7 31. Ne3 Nf7 32. Ne4 Be7 33. Qd1 Qb6 34. Qa1 Rca7 35. Kg2 Bd8 36. Qb2 Qb7 37. Qa1 Bb6 38. Qd1 Qc7 39. Qd3 Bxe3 40. fxe3 Qb6 41. Rf2 Qd8 42. Rf3 h6 43. Ra2 Nh8 44. Raf2 Qd7 45. Qf1 Qe7 46. h5 Rc7 47. Qd3 Rc4 48. Kh3 Rcc8 49. Qf1 Rc4 50. Qb1 Re8 51. Qc2 Rcc8 52. Qa2 Ra8 53. Qa1 Qd7+ 54. g4 Re7 55. Qa5 Nf7 56. Qb6 Qc7 57. Qxc7 1/2-1/2

[Event "Romanian-ch Open 2022"]
[Site "Eforie Nord"]
[Date "2022.02.22"]
[Round "4.27"]
[White "Zaim, Marian"]
[Black "Visanescu, Dragos-Nicholas"]
[Result "1/2-1/2"]
[ECO "A14"]
[WhiteElo "1964"]
[BlackElo "1781"]
[Annotator "NA"]
[PlyCount "120"]
[EventDate "2022.02.20"]
[EventType "swiss"]
[EventCountry "ROU"]
[SourceTitle "playchess.com"]
[Source "ChessBase"]
[SourceQuality "1"]
[TimeControl "40/5400+30:900+30"]

1. g3 d5 2. Bg2 Nf6 3. c4 e6 4. Nf3 Be7 5. O-O O-O 6. b3 b6 7. Bb2 Bb7 8. d3 c5 9. e3 Nc6 10. Qe2 Qc7 11. Nc3 a6 12. Rfd1 Rad8 13. cxd5 exd5 14. d4 cxd4 15. Nxd4 Nxd4 16. Rxd4 Bc5 17. Rdd1 d4 18. exd4 Bxd4 19. Rxd4 Rxd4 20. Nb5 axb5 21. Bxd4 Bxg2 22. Kxg2 Qd6 23. Bb2 b4 24. Rd1 Qc6+ 25. Qf3 Qe6 26. Rd4 Qe7 27. Rf4 Rd8 28. Rxf6 gxf6 29. Bxf6 Qd7 30. Bxd8 Qxd8 31. Qg4+ Kh8 32. Qxb4 Qd5+ 33. f3 Qd8 34. Qc3+ Kg8 35. a4 Qd1 36. Qe3 Qc2+ 37. Kh3 Qc6 38. b4 Qxa4 39. Qxb6 Qd7+ 40. g4 Qd1 41. Qe3 Qb1 42. Qg5+ Kf8 43. Qc5+ Kg8 44. b5 Qf1+ 45. Kg3 Qe1+ 46. Kf4 Qd2+ 47. Kg3 Qe1+ 48. Kh3 Qf1+ 49. Kh4 Qxf3 50. Qg5+ Kf8 51. Qf5 Qe2 52. h3 Qe7+ 53. g5 h6 54. Kh5 hxg5 55. Qxg5 Qe2+ 56. Kh4 Qe1+ 57. Kg4 Qg1+ 58. Kh5 Qd1+ 59. Kh4 Qe1+ 60. Kh5 Qe3 1/2-1/2

[Event "Romanian-ch Open 2022"]
[Site "Eforie Nord"]
[Date "2022.02.23"]
[Round "5.15"]
[White "Popescu, Daniel-Vasilica"]
[Black "Anton, Teodor"]
[Result "0-1"]
[ECO "B90"]
[WhiteElo "2064"]
[BlackElo "2457"]
[Annotator "RC"]
[PlyCount "102"]
[EventDate "2022.02.20"]
[EventType "swiss"]
[EventCountry "ROU"]
[SourceTitle "playchess.com"]
[Source "ChessBase"]
[SourceQuality "1"]
[TimeControl "40/5400+30:900+30"]

1. e4 c5 2. Nf3 d6 3. d4 cxd4 4. Nxd4 Nf6 5. Nc3 a6 6. Be3 e5 7. Nb3 Be6 8. f3 Be7 9. Qd2 O-O 10. O-O-O a5 11. Kb1 a4 12. Nc1 Ra5 13. g4 a3 14. b3 d5 15. g5 Nxe4 16. fxe4 d4 17. Qe1 Bb4 18. Bd2 dxc3 19. Be3 Qc7 20. Nd3 Be7 21. Rg1 Na6 22. h4 Nb4 23. Nxb4 Bxb4 24. Qf2 Bc5 25. Bxc5 Qxc5 26. Qxc5 Rxc5 27. Rg3 f6 28. g6 hxg6 29. Rxg6 Kf7 30. h5 Rh8 31. Be2 Rc7 32. Rg3 g5 33. hxg6+ Kg7 34. Kc1 Rh6 35. Rdd3 Rh1+ 36. Bd1 Bxb3 37. Rxc3 Rd7 38. Rgd3 Rxd3 39. Rxd3 Bc4 40. Re3 Kxg6 41. Rg3+ Kf7 42. Kd2 Rh2+ 43. Kc3 Bxa2 44. Kb4 Rh4 45. Kxa3 Be6 46. Re3 Rh3 47. Rxh3 Bxh3 48. c4 Bg2 49. Bc2 Kg6 50. Kb4 Kg5 51. Kc5 Kf4 0-1

[Event "Romanian-ch Open 2022"]
[Site "Eforie Nord"]
[Date "2022.02.24"]
[Round "6.7"]
[White "Toma, Radu-Cristian"]
[Black "Ghimpu, Samuel-Timotei"]
[Result "1-0"]
[ECO "A06"]
[WhiteElo "2388"]
[BlackElo "2420"]
[Annotator "RC"]
[PlyCount "185"]
[EventDate "2022.02.20"]
[EventType "swiss"]
[EventCountry "ROU"]
[SourceTitle "playchess.com"]
[Source "ChessBase"]
[SourceQuality "1"]
[TimeControl "40/5400+30:900+30"]

1. Nf3 d5 2. e3 Nf6 3. b3 Bf5 4. Be2 h6 5. Ba3 Nbd7 6. O-O c5 7. c4 dxc4 8. bxc4 e6 9. Qb3 Qc7 10. d3 Be7 11. Nc3 O-O 12. Rab1 b6 13. Nb5 Qc8 14. h3 a6 15. Nc3 b5 16. e4 Bg6 17. cxb5 axb5 18. Nxb5 Qa6 19. Bc1 Qxa2 20. Qxa2 Rxa2 21. Nc3 Raa8 22. Rb7 Rfb8 23. Rxb8+ Rxb8 24. Bf4 Rb2 25. Nd2 Nh5 26. Bxh5 Bxh5 27. Rc1 Bf6 28. Na4 Ra2 29. Nxc5 Nxc5 30. Rxc5 e5 31. Bxe5 Bxe5 32. Rxe5 Rxd2 33. Rxh5 Rxd3 34. Kh2 Kf8 35. Ra5 g5 36. h4 Rd4 37. f3 gxh4 38. Kh3 Rd2 39. Rh5 Kg7 40. Rxh4 Rd1 41. Kg3 Kg6 42. Rg4+ Kf6 43. Kf4 Rh1 44. Rg8 Rh4+ 45. Kg3 Rh1 46. Kg4 Rh2 47. g3 Rh1 48. Kf4 Re1 49. Kg4 Re2 50. Rb8 Re3 51. Kf4 Ra3 52. Rg8 Ra5 53. Rd8 Kg7 54. Rd5 Ra3 55. Kg4 Ra4 56. Re5 Kg6 57. Kf4 Ra6 58. Rd5 Ra3 59. Rd8 Kg7 60. e5 Rb3 61. Rd7 Kg6 62. Rd6+ Kg7 63. g4 Ra3 64. Ke4 Ra4+ 65. Rd4 Ra1 66. Kf5 Ra3 67. Ke4 Ra1 68. Rd3 Ra4+ 69. Kf5 Rb4 70. Ra3 Rc4 71. Ra7 Rc3 72. Ke4 Rc4+ 73. Kd3 Rc6 74. f4 Rb6 75. f5 Kg8 76. Ra4 Kg7 77. Kd4 Rb1 78. Kd5 Rb5+ 79. Kd6 Rb6+ 80. Kc5 Rb1 81. Ra7 Kf8 82. Ra4 Kg7 83. Kd6 Rb6+ 84. Kc5 Rb1 85. Rb4 Rd1 86. Rd4 Ra1 87. Kd6 Ra7 88. Rc4 Ra8 89. Rc7 Ra6+ 90. Ke7 Rb6 91. e6 fxe6 92. f6+ Kg6 93. f7 1-0

[Event "Romanian-ch Open 2022"]
[Site "Eforie Nord"]
[Date "2022.02.24"]
[Round "6.8"]
[White "Antonica, Dragos-Andrei"]
[Black "Istratescu, Andrei"]
[Result "1/2-1/2"]
[ECO "A18"]
[WhiteElo "2350"]
[BlackElo "2470"]
[Annotator "RC"]
[PlyCount "42"]
[EventDate "2022.02.20"]
[EventType "swiss"]
[EventCountry "ROU"]
[SourceTitle "playchess.com"]
[Source "ChessBase"]
[SourceQuality "1"]
[TimeControl "40/5400+30:900+30"]

1. c4 Nf6 2. Nc3 e6 3. e4 d5 4. e5 d4 5. exf6 dxc3 6. bxc3 Qxf6 7. d4 b6 8. Nf3 Bb7 9. Be2 Bd6 10. O-O O-O 11. Be3 Nd7 12. Qa4 Qe7 13. Bg5 f6 14. Bh4 c5 15. Bg3 Rfd8 16. Rfe1 Nf8 17. Rad1 Bxg3 18. hxg3 Rd6 19. dxc5 Rxd1 20. Rxd1 Qxc5 21. Nd4 Qe7 1/2-1/2

[Event "Romanian-ch Open 2022"]
[Site "Eforie Nord"]
[Date "2022.02.24"]
[Round "6.9"]
[White "Anton, Teodor"]
[Black "Patrascu, Catalin-Lucian"]
[Result "1-0"]
[ECO "E36"]
[WhiteElo "2457"]
[BlackElo "2310"]
[Annotator "RC"]
[PlyCount "85"]
[EventDate "2022.02.20"]
[EventType "swiss"]
[EventCountry "ROU"]
[SourceTitle "playchess.com"]
[Source "ChessBase"]
[SourceQuality "1"]
[TimeControl "40/5400+30:900+30"]

1. d4 Nf6 2. c4 e6 3. Nc3 Bb4 4. Qc2 O-O 5. a3 Bxc3+ 6. Qxc3 d5 7. Bg5 dxc4 8. Qxc4 b6 9. Nf3 Ba6 10. Qa4 Qd7 11. Qc2 Rc8 12. Bxf6 gxf6 13. Qe4 Qb5 14. b4 Qc4 15. Nd2 Qc3 16. Rd1 Nc6 17. e3 Bxf1 18. Kxf1 a5 19. b5 Ne7 20. g4 Qxa3 21. Qf3 Nd5 22. Ne4 Qb3 23. Kg2 Qxb5 24. Rb1 Qe8 25. Ng3 Qf8 26. e4 Ne7 27. Qxf6 Ng6 28. Nh5 a4 29. f4 Qh6 30. Rhf1 a3 31. f5 exf5 32. exf5 a2 33. Ra1 Rd8 34. fxg6 Qxg6 35. Qe5 Rd6 36. d5 h6 37. Nf6+ Kf8 38. Kh1 Qd3 39. Rae1 Qb5 40. Qe7+ Kg7 41. Nh5+ Kh8 42. Qe5+ f6 43. Nxf6 1-0

[Event "Romanian-ch Open 2022"]
[Site "Eforie Nord"]
[Date "2022.02.24"]
[Round "6.10"]
[White "Stoleriu, George"]
[Black "Antal, Hunor-Zoltan"]
[Result "1-0"]
[ECO "A06"]
[WhiteElo "2419"]
[BlackElo "2172"]
[Annotator "RC"]
[PlyCount "97"]
[EventDate "2022.02.20"]
[EventType "swiss"]
[EventCountry "ROU"]
[SourceTitle "playchess.com"]
[Source "ChessBase"]
[SourceQuality "1"]
[TimeControl "40/5400+30:900+30"]

1. Nf3 d5 2. b3 c6 3. Bb2 Bg4 4. Ne5 Bf5 5. f4 Nd7 6. Nf3 Ngf6 7. g3 e6 8. Bg2 Bc5 9. e3 Qe7 10. O-O h6 11. Nc3 g5 12. Kh1 O-O-O 13. Qe2 Rdg8 14. Na4 Bd6 15. c4 Rh7 16. d3 gxf4 17. exf4 Kb8 18. Rac1 Rhg7 19. Ne5 Bxe5 20. Bxe5+ Ka8 21. Bd4 c5 22. Bxf6 Qxf6 23. cxd5 Qd4 24. dxe6 fxe6 25. Qf2 Qxd3 26. Rfd1 Qb5 27. Nxc5 Nxc5 28. Rxc5 Qb6 29. Qd4 a6 30. Rc8+ Ka7 31. Qxb6+ Kxb6 32. Rd6+ Ka7 33. Rxg8 Rxg8 34. Rd7 Rb8 35. Re7 Kb6 36. Bf3 Bh3 37. g4 Rc8 38. Rxe6+ Kb5 39. Kg1 Rg8 40. Rxh6 Bxg4 41. Kf2 Bxf3 42. Kxf3 Rg7 43. f5 Kb4 44. f6 Rc7 45. Rh4+ Ka3 46. Ra4+ Kb2 47. Kg4 Rc1 48. f7 Rc8 49. Kg5 1-0

[Event "Romanian-ch Open 2022"]
[Site "Eforie Nord"]
[Date "2022.02.24"]
[Round "6.11"]
[White "Filip, Andrei"]
[Black "Badea, Bela"]
[Result "1/2-1/2"]
[ECO "C41"]
[WhiteElo "2216"]
[BlackElo "2413"]
[Annotator "RC"]
[PlyCount "81"]
[EventDate "2022.02.20"]
[EventType "swiss"]
[EventCountry "ROU"]
[SourceTitle "playchess.com"]
[Source "ChessBase"]
[SourceQuality "1"]
[TimeControl "40/5400+30:900+30"]

1. e4 d6 2. d4 Nf6 3. Nc3 e5 4. Nf3 Nbd7 5. Bc4 Be7 6. O-O O-O 7. Re1 c6 8. a4 b6 9. Ba2 a6 10. h3 Rb8 11. Be3 b5 12. axb5 axb5 13. b4 Qc7 14. Qd2 Rb7 15. Bb3 exd4 16. Nxd4 Nb6 17. Bf4 Bd7 18. Red1 Qc8 19. Nf3 d5 20. e5 Ne8 21. Ne2 f6 22. Ned4 fxe5 23. Nxe5 Nd6 24. Re1 Nf5 25. Ra6 Kh8 26. Nxf5 Bxf5 27. Be3 Nc4 28. Bxc4 dxc4 29. Rxc6 Rc7 30. Rxc7 Qxc7 31. Bf4 Qb7 32. c3 Kg8 33. Rd1 Bd3 34. Nxd3 cxd3 35. Be3 Rd8 36. Bd4 Bxb4 37. Qg5 Rd5 38. Qg4 Qd7 39. Qxd7 Rxd7 40. Rxd3 Bxc3 41. Rxc3 1/2-1/2

[Event "Romanian-ch Open 2022"]
[Site "Eforie Nord"]
[Date "2022.02.24"]
[Round "6.12"]
[White "Cosma, Ioan"]
[Black "Magold, Filip"]
[Result "1-0"]
[ECO "E15"]
[WhiteElo "2396"]
[BlackElo "2204"]
[Annotator "RC"]
[PlyCount "85"]
[EventDate "2022.02.20"]
[EventType "swiss"]
[EventCountry "ROU"]
[SourceTitle "playchess.com"]
[Source "ChessBase"]
[SourceQuality "1"]
[TimeControl "40/5400+30:900+30"]

1. d4 Nf6 2. c4 e6 3. Nf3 b6 4. g3 Bb4+ 5. Bd2 Be7 6. Bg2 c6 7. Ne5 d5 8. cxd5 cxd5 9. Qa4+ Nfd7 10. e4 O-O 11. exd5 Nxe5 12. dxe5 exd5 13. O-O Bb7 14. Nc3 Na6 15. Be3 Bc5 16. Bf4 g5 17. Be3 Bxe3 18. fxe3 Nc5 19. Qg4 Ne6 20. Rad1 Qc7 21. Nxd5 Bxd5 22. Bxd5 Rae8 23. Bxe6 Rxe6 24. Qxg5+ Kh8 25. Rd5 Rfe8 26. Qf4 Kg8 27. Qg4+ Kh8 28. Qd4 Kg8 29. Rd7 Qxe5 30. Qxe5 Rxe5 31. Rfxf7 Rxe3 32. Rg7+ Kh8 33. Rxh7+ Kg8 34. Rdg7+ Kf8 35. Rxa7 Re1+ 36. Kg2 R1e2+ 37. Kh3 Kg8 38. Rag7+ Kf8 39. Rg4 R8e6 40. Ra4 Kg8 41. Rb7 Rh6+ 42. Kg4 Re8 43. h4 1-0

[Event "Romanian-ch Open 2022"]
[Site "Eforie Nord"]
[Date "2022.02.24"]
[Round "6.13"]
[White "Martian, Dragos-Daniel"]
[Black "Doncea, Vladimir"]
[Result "1-0"]
[ECO "B22"]
[WhiteElo "2270"]
[BlackElo "2367"]
[Annotator "RC"]
[PlyCount "71"]
[EventDate "2022.02.20"]
[EventType "swiss"]
[EventCountry "ROU"]
[SourceTitle "playchess.com"]
[Source "ChessBase"]
[SourceQuality "1"]
[TimeControl "40/5400+30:900+30"]

1. e4 c5 2. c3 d5 3. exd5 Qxd5 4. d4 Nc6 5. Nf3 Bf5 6. Be3 Nf6 7. Na3 cxd4 8. Bc4 Qa5 9. Nxd4 Nxd4 10. Bxd4 e5 11. Bb5+ Bd7 12. Bxd7+ Nxd7 13. Nc4 Qc7 14. Qe2 O-O-O 15. Be3 Bc5 16. O-O Nf6 17. Bg5 Rhe8 18. b4 Be7 19. Bxf6 Bxf6 20. a4 e4 21. b5 Rd3 22. Ne3 Be5 23. g3 g6 24. a5 Qd7 25. a6 b6 26. Nc4 Bc7 27. Rad1 f5 28. Nb2 Rd6 29. Nc4 Rd3 30. Nb2 Rd5 31. Rxd5 Qxd5 32. Rd1 Qb3 33. Nc4 Re6 34. h4 Qxc3 35. Qa2 Qf3 36. Nxb6+ 1-0

[Event "Romanian-ch Open 2022"]
[Site "Eforie Nord"]
[Date "2022.02.24"]
[Round "6.14"]
[White "Bonte, Andrei-Mihai"]
[Black "Coca, Cristi-Iulian"]
[Result "1/2-1/2"]
[ECO "E94"]
[WhiteElo "2349"]
[BlackElo "2147"]
[Annotator "RC"]
[PlyCount "118"]
[EventDate "2022.02.20"]
[EventType "swiss"]
[EventCountry "ROU"]
[SourceTitle "playchess.com"]
[Source "ChessBase"]
[SourceQuality "1"]
[TimeControl "40/5400+30:900+30"]

1. d4 Nf6 2. c4 g6 3. Nc3 Bg7 4. e4 d6 5. Nf3 O-O 6. Be2 e5 7. O-O Na6 8. Re1 Bg4 9. d5 Nc5 10. Bf1 a5 11. h3 Bd7 12. Rb1 h5 13. b3 Nh7 14. Be3 b6 15. Nd2 Be8 16. Rc1 f5 17. exf5 gxf5 18. f4 e4 19. Nb5 Bxb5 20. cxb5 Qh4 21. Kh2 Rf7 22. g3 Qf6 23. Qxh5 Qb2 24. a4 Bd4 25. Rb1 Qc3 26. Rbc1 Qb2 27. Qd1 Bxe3 28. Rxe3 Nf6 29. Bc4 Rh7 30. Kg2 Rxh3 31. Rec3 Ng4 32. R1c2 Rh2+ 33. Kg1 Qa3 34. Nf1 Rxc2 35. Qxc2 Kf7 36. Be2 Qb4 37. Bxg4 Qd4+ 38. Kg2 fxg4 39. Ne3 Rg8 40. Qc1 Qh8 41. Qc2 Qh3+ 42. Kf2 Qh2+ 43. Ng2 Re8 44. Re3 Qh1 45. Qe2 Nd3+ 46. Rxd3 exd3 47. Qxd3 Ke7 48. Qe2+ Kd8 49. Qxg4 Qc1 50. Qf3 Rh8 51. g4 Rh1 52. Kg3 Qd2 53. g5 Rc1 54. Kh2 Rc3 55. Qh5 Rc2 56. Qh8+ Kd7 57. Qh3+ Kd8 58. Qh8+ Kd7 59. Qh3+ Kd8 1/2-1/2